 Dungeon Crawl Stone Soup version 0.31-a0-557-g6e16503903 (webtiles) character file.

Game seed: 6095221882497464675

54 Arcadio the Caller (level 3, 0/19 HPs)
             Began as a Deep Elf Summoner on Aug 16, 2023.
             Slain by a ball python (1 damage)
             ... on level 2 of the Dungeon.
             The game lasted 00:02:29 (977 turns).

Arcadio the Caller (Deep Elf Summoner)               Turns: 977, Time: 00:02:29

Health: 0/19       AC:  2    Str:  5    XL:     3   Next: 66%
Magic:  10/10      EV: 11    Int: 21    God:
Gold:   109        SH:  0    Dex: 21    Spells: 6/9 levels left

rFire   . . .        d - +0 dagger
rCold   . . .        (no shield)
rNeg    . . .        a - +0 robe
rPois   .            (no helmet)
rElec   .            (no cloak)
rCorr   .            (no gloves)
SInv    .            (no boots)
Will    .....        (no amulet)
Stlth   +++          g - +6 ring of dexterity
HPRegen 0.23/turn    (no ring)
MPRegen 0.12/turn

%: no passive effects
@: lethally poisoned (0 -> -1), constricted
A: no striking features
a: no special abilities


You were on level 2 of the Dungeon.
You visited 1 branch of the dungeon, and saw 2 of its levels.

You collected 109 gold pieces.

Inventory:

Hand Weapons
 d - a +0 dagger (weapon)
Armour
 a - a +0 robe (worn)
Jewellery
 g - a +6 ring of dexterity (left hand)
Scrolls
 c - a scroll of noise {unknown}
 f - 3 scrolls of identify {unknown}
 h - a scroll of acquirement {unknown}
 i - a scroll of immolation {unknown}


   Skills:
 + Level 3.2 Dodging
 + Level 3.3 Stealth
 + Level 3.8 Spellcasting
 + Level 4.8 Summonings


You had 6 spell levels left.
You knew the following spells:

 Your Spells              Type           Power      Damage    Failure   Level
a - Summon Small Mammal   Summ           96%        N/A       1%          1
b - Call Imp              Summ           48%        N/A       2%          2

Your spell library contained the following spells:

 Spells                   Type           Power      Damage    Failure   Level
 Call Canine Familiar     Summ           24%        N/A       4%          3
 Kiss of Death            Conj/Necr      16%        2d6       12%         1
 Summon Guardian Golem    Hex/Summ       14%        N/A       14%         3
 Confusing Touch          Hex            4%         N/A       36%         3
 Summon Lightning Spire   Summ/Air       14%        N/A       41%         4
 Dispel Undead            Necr           4%         3d7       77%         4
 Haunt                    Necr/Summ      7%         N/A       100%        7
 Borgnjor's Revivificati  Necr           2%         N/A       100%        8
 Death's Door             Necr           2%         N/A       100%        9


Dungeon Overview and Level Annotations

Branches:
Dungeon (2/15) Zot: 11020

Altars:


Message History

Your quokka bites the adder.
The adder bites your quokka but does no damage.
Your cerulean imp closely misses the goblin.
The kobold barely misses you.
The goblin hits your quokka with a +0 dagger.
You barely miss the adder.
The adder is severely wounded.
You feel sick.
The ball python barely misses your quokka.
The ball python closely misses your quokka.
The adder bites you.
Your quokka bites the adder.
The kobold hits you with a +0 short sword.
Your cerulean imp closely misses the goblin.
The goblin closely misses your quokka.
You hit the adder.
You kill the adder!
You feel sick.
Your quokka closely misses the goblin.
The kobold hits you with a +0 short sword.
Your cerulean imp hits the goblin with a -2 spear.
The goblin dies!
The ball python bites you but does no damage.
The ball python barely misses you.
You closely miss the ball python.
You feel sick.
Your quokka barely misses the ball python.
The ball python closely misses you. The ball python grabs you.
The ball python constricts you.
The kobold hits you with a +0 short sword.
Your cerulean imp hits the kobold but does no damage.
Your quokka barely misses the ball python.
You closely miss the ball python.
You feel sick. The ball python bites you.
* * * LOW HITPOINT WARNING * * *
The ball python constricts you.
* * * LOW HITPOINT WARNING * * *
Your quokka closely misses the ball python.
The kobold closely misses you.
Your cerulean imp closely misses the kobold.
Magic courses through your body.
* * * LOW HITPOINT WARNING * * *
You feel sick. The ball python bites you.
You die...

######...#...........#
#.<#####.######.# #........#
#.# ##.####### #.# ##'## #.#
##...## #.# ## ##.....##
####.# #.#.. ##.5K....##
##.##.#
#.....###..)S@....####.....###
#.......'...r.....+...........
......###.........####...#####
###.# ##.......##......# .g
##.....###.###..# > ##...## #
#..### ##+## #.###....# #.#
#......#.# #.# ########.#


You could see a ball python (ally target), a kobold (ally target), a friendly
cerulean imp (summoned) and a friendly quokka (summoned).

Vanquished Creatures
  2 adders (D:2)
  A dart slug (D:2)
  A ball python (D:2)
  2 giant cockroaches (D:1)
  A goblin (D:2)
  2 hobgoblins
  3 kobolds (D:1)
  2 frilled lizards (D:1)
  2 rats
16 creatures vanquished.

Vanquished Creatures (collateral kills)
  A worm (D:2)
  5 endoplasms (D:1)
  A giant cockroach (D:2)
  3 goblins
  A hobgoblin (D:1)
  A quokka (D:1)
  A ball python (D:1)
13 creatures vanquished.

Grand Total: 29 creatures vanquished

Notes
Turn   | Place    | Note
-------+----------+-------------------------------------------
     0 | D:1      | Arcadio the Deep Elf Summoner began the quest for the Orb.
     0 | D:1      | Reached XP level 1. HP: 10/10 MP: 6/6
   138 | D:1      | Reached XP level 2. HP: 13/15 MP: 6/8
   144 | D:1      | Learned a level 2 spell: Call Imp
   709 | D:2      | Reached XP level 3. HP: 19/19 MP: 10/10
   977 | D:2      | Slain by a ball python

Illustrated notes

Levels and vault maps discovered:
D:1:      nzn_arrival_depleted_hourglass, layout_basic,
          chequers_serial_rivers_room_b
D:2:      layout_loops_corners

Skill      XL: |  1  2 |
---------------+-------+-----
Stealth        | 3 |  3.3
Dodging        | 3 |  3.2
Spellcasting   | |  3.8
Summonings     | |  4.8

Action                     || total
---------------------------++-------
  Melee: Dagger            ||    60
   Cast: Summon Small Mamm ||    22
         Call Imp          ||     1
    Use: Potion            ||     2
   Stab: Sleeping          ||     3
         Distracted        ||     2
 Armour: Robe              ||    11
  Dodge: Dodged            ||    47

Table legend: (Time is in decaauts)
 A = Elapsed time spent in this place.
 B = Non-inter-level travel time spent in this place.
 C = Inter-level travel time spent in this place.
 D = Time resting spent in this place.
 E = Time spent auto-exploring this place.
 F = Levels seen in this place.
 G = Mean time per level.
                   A        B        C        D        E       F      G
               +--------+--------+--------+--------+--------+-----+--------+
         Total |    978 |    972 |      6 |      0 |    683 |   2 |  489.0 |
       Dungeon |    978 |    972 |      6 |      0 |    683 |   2 |  489.0 |
               +--------+--------+--------+--------+--------+-----+--------+

Top non-repeatable levels by time:
     D:1: 583 daAuts
     D:2: 394 daAuts
